 Dungeon Crawl Stone Soup version 0.29.1-2-gbd0b4ee654 (webtiles) character file.

Game seed: 2302496551994980158

226906 xian the Marksdemonspawn (level 18, -12/141 HPs)
             Began as a Demonspawn Arcane Marksman on Oct 24, 2022.
             Was a High Priest of Fedhas.
             Mangled by a white very ugly thing (53 damage)
             ... on level 1 of the Vaults on Oct 25, 2022.
             The game lasted 02:12:57 (33428 turns).

xian the Marksdemonspawn (DsAM)                    Turns: 33428, Time: 02:12:58

Health: -12/141    AC: 46    Str: 22    XL:     18   Next: 22%
Magic:  29/29      EV: 12    Int: 16    God:    Fedhas [*****.]
Gold:   2088       SH: 21    Dex: 14    Spells: 18/22 levels left

rFire   . . .      SeeInvis .   h - +9 hand crossbow (vorpal)
rCold   . . .      Faith    .   P - +1 kite shield
rNeg    + . .      Spirit   .   n - +10 plate armour {ponderous}
rPois   +          Reflect  +   N - +2 helmet of Unambiguity {Str+2}
rElec   +          Harm     .   c - +2 cloak {Stlth+}
rCorr   .          Rampage  +   Z - +0 pair of gloves of the Undertaker {Slay+4}
Will    +....                   D - +2 pair of boots {rampage}
Stlth   ..........              v - amulet of the Clean Lemon {Reflect rN+ Str+3 SH+5}
HPRegen 0.33/turn               e - +4 ring of evasion
MPRegen 0.21/turn               k - +4 ring of protection

@: lethally poisoned (-12 -> -88), slow
A: claws 2, thin metallic scales 3, icemail 1, spiny 2, condensation shield,
corrupting presence 1, poison resistance
}: 2/15 runes: decaying, gossamer
a: Renounce Religion, Wall of Briars, Grow Ballistomycete, Overgrow, Grow Oklob


You were on level 1 of the Vaults.
You worshipped Fedhas.
Fedhas was extremely pleased with you.
You visited 6 branches of the dungeon, and saw 31 of its levels.
You also visited: Bailey and Gauntlet.

You collected 3756 gold pieces.
You spent 1668 gold pieces at shops.

Inventory:

Hand Weapons
 h - a +9 vorpal hand crossbow (weapon)
 l - the +6 great sword "Meagir" {elec, Int+4 SInv Stlth-}
   (You found it on level 5 of the Lair of Beasts)

   It occasionally discharges a powerful burst of electricity upon striking a
   foe.
   Int:       It affects your intelligence (+4).
   SInv:      It lets you see invisible.
   Stlth:     It makes you less stealthy.
Missiles
 B - a throwing net
Armour
 c - a +2 cloak of stealth (worn)
 n - a +10 plate armour of ponderousness (worn)
 q - a +0 troll leather armour
 t - a scarf of resistance
 D - a +2 pair of boots of rampaging (worn)
 N - the +2 helmet of Unambiguity (worn) {Str+2}
   (You found it in a Gauntlet)

   Str:       It affects your strength (+2).
 P - a +1 kite shield (worn)
 Z - the +0 pair of gloves of the Undertaker (worn) {Slay+4}
   (You found it on level 4 of the Lair of Beasts)

   Slay:      It affects your accuracy & damage with ranged weapons and melee
   (+4).
Jewellery
 e - a +4 ring of evasion (left hand)
 i - a ring of protection from fire
 k - a +4 ring of protection (right hand)
 v - the amulet of the Clean Lemon (around neck) {Reflect rN+ Str+3 SH+5}
   (You bought it in a shop on level 2 of the Orcish Mines)

   [amulet of reflection]

   It reflects blocked missile attacks.
   Str:       It affects your strength (+3).
   rN:        It protects you from negative energy.
   SH:        It affects your SH (+5).
 V - a ring of flight
Wands
 a - a wand of light (28)
 p - a wand of flame (60)
 A - a wand of mindburst (29)
 J - a wand of digging (8)
 K - a wand of polymorph (10)
 O - a wand of charming (17)
 W - a wand of roots (13)
Scrolls
 b - 7 scrolls of poison
 d - 4 scrolls of teleportation
 g - 3 scrolls of summoning
 y - a scroll of silence
 z - 4 scrolls of magic mapping
 C - 3 scrolls of fear
 E - 7 scrolls of amnesia
 F - 2 scrolls of blinking
 G - 2 scrolls of fog
 I - 6 scrolls of immolation
 L - a scroll of brand weapon
 T - 3 scrolls of enchant weapon
Potions
 f - 7 potions of might
 j - 8 potions of resistance
 m - 4 potions of brilliance
 o - 5 potions of flight
 s - a potion of magic
 H - 5 potions of ambrosia
 M - 4 potions of haste
 R - a potion of cancellation
 U - 6 potions of curing
 X - 3 potions of lignification
 Y - a potion of berserk rage
Miscellaneous
 r - a box of beasts
 u - a tin of tremorstones (2/2)
 w - a lightning rod (4/4)
 Q - a piece from Xom's chessboard (15/15)


   Skills:
 + Level 12.3 Fighting
 + Level 0.1 Short Blades
 + Level 16.5 Ranged Weapons
 + Level 7.3 Armour
 + Level 7.5 Dodging
 + Level 3.4 Stealth
 + Level 9.5 Shields
 + Level 2.6 Spellcasting
 * Level 13.3 Hexes
 * Level 12.0 Fire Magic
 * Level 14.9 Invocations
 + Level 1.2 Evocations


You had 18 spell levels left.
You knew the following spells:

 Your Spells              Type           Power      Damage    Failure   Level
a - Slow                  Hex            100%       N/A       3%          1
b - Inner Flame           Hex/Fire       42%        N/A       12%         3

Your spell library contained the following spells:

 Spells                   Type           Power      Damage    Failure   Level
 Scorch                   Fire           80%        2d9       8%          2
 Tukima's Dance           Hex            44%        N/A       10%         3
 Cause Fear               Hex            22%        N/A       30%         4
 Dazzling Flash           Conj/Hex       46%        N/A       82%         3
 Portal Projectile        Hex/Tloc       46%        N/A       82%         3
 Conjure Flame            Conj/Fire      21%        6-21      88%         3
 Ignite Poison            Fire/Tmut/Pois 14%        N/A       99%         3
 Flame Wave               Conj/Fire      21%        2d8       99%         4
 Fulminant Prism          Conj/Hex       11%        3d9       99%         4
 Leda's Liquefaction      Hex/Erth       11%        N/A       99%         4
 Sticky Flame             Conj/Fire      21%        2d4       99%         4
 Beastly Appendage        Tmut           4%         N/A       100%        1
 Magic Dart               Conj           8%         1d3       100%        1
 Necrotise                Necr           8%         1d4       100%        1
 Searing Ray              Conj           4%         2d4       100%        2
 Static Discharge         Conj/Air       2%         3-4/arc   100%        2
 Wereblood                Tmut           2%         N/A       100%        2
 Mephitic Cloud           Conj/Pois/Air  2%         N/A       100%        3
 Ozocubu's Armour         Ice            2%         N/A       100%        3
 Spider Form              Tmut/Pois      2%         N/A       100%        3
 Vampiric Draining        Necr           2%         2d6       100%        3
 Animate Dead             Necr           2%         N/A       100%        4
 Corpse Rot               Necr/Pois/Air  2%         N/A       100%        4
 Dispel Undead            Necr           2%         3d7       100%        4
 Hailstorm                Conj/Ice       2%         3d3       100%        4
 Ice Form                 Ice/Tmut       2%         N/A       100%        4
 Iskenderun's Mystic Bla  Conj/Tloc      2%         2d3       100%        4
 Passage of Golubria      Tloc           2%         N/A       100%        4
 Agony                    Necr           2%         N/A       100%        5
 Blade Hands              Tmut           1%         N/A       100%        5
 Borgnjor's Vile Clutch   Necr/Erth      1%         N/A       100%        5
 Freezing Cloud           Conj/Ice/Air   1%         6-21      100%        5
 Iskenderun's Battlesphe  Conj           2%         2d6       100%        5
 Lee's Rapid Deconstruct  Erth           1%         3d5*      100%        5
 Silence                  Hex/Air        11%        N/A       100%        5
 Death Channel            Necr           1%         N/A       100%        6
 Iron Shot                Conj/Erth      1%         9d1       100%        6
 Simulacrum               Ice/Necr       1%         N/A       100%        6
 Starburst                Conj/Fire      10%        6d5       100%        6
 Statue Form              Tmut/Erth      1%         N/A       100%        6
 Summon Cactus Giant      Summ           1%         N/A       100%        6
 Ozocubu's Refrigeration  Ice            1%         4d7       100%        7
 Spellforged Servitor     Conj/Summ      1%         N/A       100%        7
 Lehudib's Crystal Spear  Conj/Erth      1%         10d2      100%        8


Dungeon Overview and Level Annotations

Branches:
Dungeon (15/15)            Temple (0/1) D:5            Lair (5/5) D:9
  Swamp (4/4) Lair:3       Spider (4/4) Lair:2        Slime (0/5) Lair:4
    Orc (2/2) D:9             Elf (0/3) Orc:2        Vaults (1/5) D:14
 Depths (0/4) D:15         Bailey (visited)         Gauntlet (visited)

Altars:
Fedhas
Gozag
Hepliaklqana
Kikubaaqudgha
Makhleb
Ru
Trog
Vehumet
Wu Jian
Yredelemnul

Shops:
D:4 *   D:14 [   Orc:1 *   Orc:2 ?=*!

Portals:
Trove: D:14 (give horn of Geryon)

Annotations:
D:12 2 transporters, DocClef's ghost, journeyman GnFE


Innate Abilities, Weirdness & Mutations

You have very sharp fingernails.
You are completely covered in thin metallic scales. (AC +4, rElec)
A meltable icy envelope protects you from harm. (AC +4)
You are mostly covered in sharp spines.
A meltable shield of frost defends you. (SH +4)
Your presence sometimes corrodes those you injure.
Your system is resistant to poisons. (rPois)


Message History

You block the green very ugly thing's attack.
The green very ugly thing claws you!
You block the green very ugly thing's attack.
You shoot a bolt.
The bolt closely misses the green very ugly thing.
You feel extremely sick.
You block the white very ugly thing's attack.
The green very ugly thing stings you but does no damage.
The green very ugly thing is struck by your spines.
The green very ugly thing claws you but does no damage.
You block the green very ugly thing's attack.
The white very ugly thing closely misses you.
You shoot a bolt.
The bolt closely misses the green very ugly thing.
You feel extremely sick.
The green very ugly thing is no longer covered in acid.
You block the green very ugly thing's attack.
The green very ugly thing is struck by your spines.
The green very ugly thing claws you but does no damage.
The green very ugly thing is struck by your spines.
The green very ugly thing closely misses you.
The white very ugly thing trunk-slaps you but does no damage.
You block the green very ugly thing's attack.
The green very ugly thing stings you!
You are lethally poisoned!
The green very ugly thing poisons you!
The green very ugly thing basks in the mutagenic energy from its kin and changes!
You block the white very ugly thing's attack.
Unknown command.
Unknown command.
Okay, then.
You feel extremely sick.
The green very ugly thing stings you but does no damage.
The green very ugly thing claws you but does no damage.
The white very ugly thing is struck by your spines.
The white very ugly thing trunk-slaps you!
* * * LOW HITPOINT WARNING * * *
The white very ugly thing freezes you!!!
You die...
Fedhas appreciates your contribution to the ecosystem.

########
+......#
#......#
+..uuu.#
#...@u.#
#......+
+......#
########


You could see 4 very ugly things.

Vanquished Creatures
  Bai Suzhen (Swamp:4)
  Jorgrun (Orc:1)
  The ghost of Jaerrekh the Blinker, an adept MeMo of Wu Jian (Spider:4)
  Frances (Swamp:2)
  Kirke (Lair:4)
  A fenstrider witch (Swamp:3)
  A fire giant (D:15)
  Roxanne (Spider:3)
  An orc warlord (D:9)
  6 emperor scorpions (Spider:4)
  3 ghost moths
  A very ugly thing (Vaults:1)
  The ghost of Rudyous the Fighter, a journeyman MiFi of Jiyva (Orc:1)
  3 eleionomae
  A deep elf annihilator (D:11)
  A minotaur (Gauntlet)
  2 spark wasps (Spider:4)
  5 bunyips
  4 entropy weavers
  A dire elephant (Lair:5)
  Josephine (Orc:1)
  A vault guard (D:14)
  Fannar (D:10)
  An ice dragon (Lair:5)
  13 hydras
  A spriggan air mage (Swamp:3)
  6 boulder beetles
  A radroach (shapeshifter) (D:14)
  A catoblepas (Lair:4)
  2 radroaches
  7 centaur warriors
  5 ghost crabs
  2 jorogumos
  5 two-headed ogres
  2 ogre magi
  Erica (Orc:1)
  6 alligators
  A death knight (D:14)
  3 death yaks (Lair:5)
  5 orc high priests (Orc:2)
  6 spriggans
  Sonja (D:10)
  Amaemon (D:10)
  A sun moth (Spider:4)
  3 pharaoh ants
  A goliath frog (Swamp:1)
  9 skeletal warriors
  7 steelbarb worms
  2 spriggan druids (Swamp:3)
  6 orb spiders
  10 bog bodies
  3 wizards
  11 swamp dragons
  An obsidian statue (Gauntlet)
  7 orc knights
  3 lindwurms (Lair:5)
  10 ugly things
  16 wolf spiders
  2 orc sorcerers (Orc:1)
  2 deep elf pyromancers
  3 cyclopes
  3 will-o-the-wisps
  5 moths of wrath
  A manticore (D:13)
  Maurice (Orc:1)
  A spectral centaur (D:12)
  A black mamba (shapeshifter) (D:15)
  3 centaur zombies (D:12)
  9 black mambas
  3 elephants
  8 torpor snails
  An orange demon (D:10)
  11 cane toads
  A cane toad (shapeshifter) (D:10)
  A yaktaur (D:10)
  12 komodo dragons
  5 rime drakes
  An efreet (D:10)
  3 demonic crawlers
  A kobold demonologist (Bailey)
  5 freezing wraiths (D:14)
  8 trolls
  6 meliai (Spider:4)
  An ice devil (Gauntlet)
  2 polar bears
  10 tyrant leeches
  13 hornets
  10 slime creatures
  5 blink frogs (Lair:5)
  19 dream sheep
  A spectral black mamba (D:12)
  16 tarantellas
  A meliai zombie (D:12)
  27 jumping spiders
  10 flying skulls (D:12)
  A centaur simulacrum (D:12)
  23 culicivoras
  A shadow (D:12)
  4 wyverns
  A vampire (D:12)
  51 yaks
  18 wraiths
  13 vampire mosquitoes
  13 basilisks
  2 hogs
  10 humans (D:14)
  Grum (D:10)
  42 redbacks
  Menkaure (D:6)
  16 swamp worms
  An acid dragon (D:12)
  9 wargs
  16 water moccasins
  A hell hound (D:12)
  4 swamp drakes
  2 ice beasts (D:6)
  49 orc warriors
  3 black bears
  17 wolves
  10 ogres
  2 black mamba simulacra (D:12)
  3 centaurs
  A phantom (D:7)
  4 kobold brigands
  7 bullfrogs
  4 scorpions
  4 wights (D:9)
  8 killer bees
  6 electric eels
  3 howler monkeys
  A crimson imp (Gauntlet)
  6 hounds
  A jelly (D:6)
  2 gnoll boudas
  43 orc priests
  Crazy Yiuf (D:2)
  Jessica (D:3)
  Natasha (thrice) (D:2)
  4 hell rats
  5 iguanas
  Ijyb (D:3)
  16 orc wizards
  Robin (D:3)
  20 gnolls
  7 adders
  A shadow imp (Gauntlet)
  5 white imps
  3 ufetubi
  2 worms (D:5)
  3 dart slugs
  123 orcs
  6 ball pythons
  8 endoplasms
  4 giant cockroaches
  23 goblins
  11 hobgoblins
  3 jackals (D:5)
  2 quokkas (D:2)
  7 bats
  A frilled lizard (D:1)
  21 kobolds
  3 rats
  2 ballistomycete spores (Swamp:4)
1103 creatures vanquished.

Vanquished Creatures (collateral kills)
  the Lernaean hydra (Swamp:4)
  Rupert (D:14)
  Asterion (Spider:3)
  The ghost of Taocaav the Crack Shot, an adept CeHu of Okawaru (Spider:2)
  The ghost of Lotaimix the Messiah, an adept HOFi of Beogh (Spider:2)
  An orc warlord (D:9)
  An orc high priest (Orc:2)
  A goliath frog (Swamp:3)
  A bog body (Swamp:4)
  An ugly thing (D:14)
  A smoke demon (Gauntlet)
  2 tyrant leeches (Swamp:3)
  A dream sheep (Lair:4)
  A flying skull (D:12)
  A wraith (D:14)
  4 redbacks
  2 swamp worms (Swamp:3)
  2 orc warriors
  3 swamp drakes (Swamp:4)
  2 killer bees (D:7)
  A crimson imp (Gauntlet)
  An orc priest (Orc:2)
  A gnoll bouda (D:3)
  An orc wizard (Orc:1)
  5 gnolls
  8 orcs
  A hobgoblin (D:3)
  A kobold (D:9)
  3 goblins
  13 ballistomycete spores
64 creatures vanquished.

Vanquished Creatures (others)
  An eleionoma (Swamp:1)
  A shambling mangrove (Swamp:3)
  A swamp dragon (Swamp:3)
  A wizard (D:9)
  A bloated husk (Swamp:1)
  2 hornets (Swamp:3)
  A spriggan (Swamp:3)
  A human (D:14)
  An acid dragon (Gauntlet)
  An orc (Orc:1)
  3 ballistomycete spores
  3 demonic plants (Gauntlet)
  6 foxfires
  37 fungi
  49 plants
109 creatures vanquished.

Grand Total: 1276 creatures vanquished

Notes
Turn   | Place    | Note
-------+----------+-------------------------------------------
     0 | D:1      | xian the Demonspawn Arcane Marksman began the quest for the
                  | Orb.
     0 | D:1      | Reached XP level 1. HP: 15/15 MP: 2/2
    60 | D:1      | Reached skill level 2 in Ranged Weapons
    89 | D:1      | Gained mutation: A meltable shield of frost defends you.
                  | (SH +4) [demonic ancestry]
    89 | D:1      | Reached XP level 2. HP: 21/21 MP: 3/3
   205 | D:1      | Found a faded altar of an unknown god.
   209 | D:1      | Prayed at the altar of an unknown god.
   209 | D:1      | Became a worshipper of Fedhas Madash
   209 | D:1      | Reached * piety under Fedhas
   655 | D:2      | Reached XP level 3. HP: 26/26 MP: 4/4
   791 | D:2      | Noticed Natasha
   804 | D:2      | Killed Natasha
   805 | D:2      | Reached skill level 3 in Ranged Weapons
   892 | D:2      | Noticed Natasha
   903 | D:2      | Killed Natasha
   904 | D:2      | Gained mutation: You are partially covered in sharp spines.
                  | [demonic ancestry]
   904 | D:2      | Reached XP level 4. HP: 15/32 MP: 1/5
  1005 | D:2      | Noticed Natasha
  1010 | D:2      | Killed Natasha
  1028 | D:2      | Learned a level 3 spell: Inner Flame
  1056 | D:2      | Reached ** piety under Fedhas
  1096 | D:2      | Noticed a scorpion
  1146 | D:2      | Killed a scorpion
  1147 | D:2      | Gained mutation: A meltable icy envelope protects you from
                  | harm. (AC +4) [demonic ancestry]
  1147 | D:2      | Reached XP level 5. HP: 38/38 MP: 2/7
  1294 | D:2      | Reached skill level 4 in Ranged Weapons
  1648 | D:2      | Found a runed translucent door.
  1649 | D:2      | Noticed Crazy Yiuf
  1670 | D:2      | Killed Crazy Yiuf
  1762 | D:3      | Noticed Robin
  1771 | D:3      | Killed Robin
  1815 | D:3      | Reached XP level 6. HP: 44/44 MP: 8/8
  2093 | D:3      | Noticed Ijyb
  2103 | D:3      | Killed Ijyb
  2196 | D:3      | Noticed Jessica
  2217 | D:3      | Reached *** piety under Fedhas
  2226 | D:3      | Killed Jessica
  2227 | D:3      | Reached skill level 1 in Armour
  2418 | D:4      | Reached skill level 5 in Ranged Weapons
  2418 | D:4      | Gained mutation: You have sharp fingernails. [demonic
                  | ancestry]
  2418 | D:4      | Reached XP level 7. HP: 51/51 MP: 10/10
  2680 | D:4      | Reached skill level 1 in Fire Magic
  2777 | D:4      | Found Piqolu's Assorted Antiques.
  2785 | D:4      | Bought a scroll labelled ZAEXYSK MEUPS for 24 gold pieces
  2785 | D:4      | Bought a scroll labelled DOERYL UFEOTY for 24 gold pieces
  2920 | D:5      | Entered Level 5 of the Dungeon
  3066 | D:5      | Found a staircase to the Ecumenical Temple.
  3235 | D:5      | Reached skill level 6 in Ranged Weapons
  3235 | D:5      | Reached XP level 8. HP: 57/57 MP: 11/11
  3287 | D:5      | Reached **** piety under Fedhas
  4124 | D:6      | Reached skill level 7 in Ranged Weapons
  4124 | D:6      | Reached skill level 1 in Shields
  4157 | D:6      | Reached skill level 5 in Hexes
  4451 | D:6      | Reached XP level 9. HP: 65/65 MP: 6/12
  4685 | D:6      | Noticed Menkaure
  4705 | D:6      | Killed Menkaure
  4931 | D:7      | Found a flagged portal.
  4949 | Bailey   | Entered a bailey
  5084 | Bailey   | Reached skill level 8 in Ranged Weapons
  5096 | Bailey   | Noticed a kobold demonologist
  5102 | Bailey   | Noticed a sun demon
  5147 | Bailey   | Noticed an ice devil
  5158 | Bailey   | Noticed a red devil
  5160 | Bailey   | Killed a kobold demonologist
  5208 | Bailey   | Noticed an orc knight
  5277 | Bailey   | Killed an orc knight
  5278 | Bailey   | Reached skill level 1 in Invocations
  5398 | Bailey   | Noticed a kobold demonologist
  5425 | Bailey   | Gained mutation: You are partially covered in thin metallic
                  | scales. (AC +2) [demonic ancestry]
  5425 | Bailey   | Reached XP level 10. HP: 73/73 MP: 13/13
  5429 | Bailey   | Found an iron altar of Okawaru.
  5594 | Bailey   | Noticed an orc knight
  5689 | Bailey   | Killed an orc knight
  5838 | Bailey   | Acquired a +7 vorpal hand crossbow
  6014 | D:7      | Reached skill level 5 in Fire Magic
  6039 | D:7      | Reached skill level 9 in Ranged Weapons
  6422 | D:7      | Reached ***** piety under Fedhas
  6635 | D:8      | Reached skill level 5 in Fighting
  6904 | D:8      | Reached skill level 1 in Stealth
  7185 | D:9      | Noticed a cyclops
  7187 | D:9      | Reached skill level 10 in Ranged Weapons
  7196 | D:9      | Killed a cyclops
  7263 | D:9      | Found a hazy altar of Hepliaklqana.
  7377 | D:9      | Found a staircase to the Orcish Mines.
  7508 | D:9      | Noticed an elephant
  7511 | D:9      | Gained mutation: You have very sharp fingernails. [demonic
                  | ancestry]
  7511 | D:9      | Reached XP level 11. HP: 80/80 MP: 14/14
  7522 | D:9      | Found a staircase to the Lair.
  7545 | D:9      | Found a radiant altar of Vehumet.
  7638 | D:9      | You fall into a shaft and drop 1 floor!
  7638 | D:10     | Entered Level 10 of the Dungeon
  7932 | D:9      | Found a bloodstained altar of Trog.
  7936 | D:9      | Noticed a wizard
  7941 | D:9      | Killed a wizard
  8044 | D:10     | Noticed Fannar
  8064 | D:10     | Killed Fannar
  8171 | D:10     | Found an opulent altar of Gozag.
  8173 | D:10     | Noticed Amaemon
  8173 | D:10     | Noticed a centaur warrior
  8181 | D:10     | Killed a centaur warrior
  8182 | D:10     | Reached skill level 11 in Ranged Weapons
  8194 | D:10     | Killed Amaemon
  8195 | D:10     | Reached skill level 5 in Dodging
  8208 | D:10     | Noticed a boulder beetle
  8226 | D:10     | Killed a boulder beetle
  8348 | D:10     | Noticed a skeletal warrior
  8348 | D:10     | Noticed an ogre mage
  8348 | D:10     | Noticed a seven-headed hydra
  8523 | D:10     | Killed a skeletal warrior
  8561 | D:10     | Paralysed by an ogre mage for 5 turns
  8568 | D:10     | Killed an ogre mage
  8606 | D:10     | Found an ancient bone altar of Kikubaaqudgha.
  8609 | D:10     | Found an ornate altar of the Wu Jian Council.
  8690 | D:10     | Noticed Sonja
  8695 | D:10     | Killed Sonja
  8734 | D:10     | Noticed Grum
  8739 | D:10     | Killed Grum
  8740 | D:10     | Reached XP level 12. HP: 89/89 MP: 15/15
  9131 | D:11     | Noticed a deep elf annihilator
  9154 | D:11     | Noticed a boulder beetle
  9156 | D:11     | Noticed a boulder beetle
  9171 | D:11     | Killed a boulder beetle
  9187 | D:11     | Noticed a centaur warrior
  9478 | D:11     | Reached skill level 12 in Ranged Weapons
  9699 | D:12     | Identified the +6 war axe of the Coward {speed, *Slow rElec
                  | rPois}
  9716 | D:12     | Reached ****** piety under Fedhas
  9728 | D:12     | Reached skill level 5 in Invocations
 10177 | D:12     | Found a transporter.
 10177 | D:12     | Noticed DocClef's ghost (journeyman GnFE)
 10182 | D:12     | Found a transporter.
 10283 | D:12     | Gained mutation: You are mostly covered in thin metallic
                  | scales. (AC +3) [demonic ancestry]
 10283 | D:12     | Reached XP level 13. HP: 98/98 MP: 17/17
 10394 | D:12     | Found a basalt altar of Yredelemnul.
 10544 | D:12     | Found a sacrificial altar of Ru.
 10642 | Lair:1   | Entered Level 1 of the Lair of Beasts
 10709 | Lair:1   | You fall into a shaft and drop 1 floor!
 10767 | Lair:2   | Reached skill level 13 in Ranged Weapons
 10845 | Lair:2   | Found a hole to the Spider Nest.
 11327 | Lair:2   | Reached skill level 5 in Shields
 12472 | Lair:3   | Found a staircase to the Swamp.
 12977 | Lair:4   | Noticed Kirke
 13035 | Lair:4   | Killed Kirke
 13074 | Lair:4   | Found a staircase to the Slime Pits.
 13284 | Lair:4   | Identified the +0 pair of gloves of the Undertaker {Slay+4}
 13336 | Lair:4   | Gained mutation: You are completely covered in thin
                  | metallic scales. (AC +4, rElec) [demonic ancestry]
 13336 | Lair:4   | Reached XP level 14. HP: 86/106 MP: 17/20
 13637 | Lair:5   | Entered Level 5 of the Lair of Beasts
 13647 | Lair:4   | Gained mutation: You are occasionally teleported next to
                  | monsters. [mutagenic glow]
 13755 | Lair:5   | Found a runed translucent door.
 13927 | Lair:5   | Reached skill level 10 in Hexes
 13997 | Lair:5   | Reached skill level 14 in Ranged Weapons
 14022 | Lair:5   | Identified the +6 great sword "Meagir" {elec, Int+4 SInv
                  | Stlth-}
 15409 | D:11     | Reached skill level 10 in Invocations
 15620 | Orc:1    | Entered Level 1 of the Orcish Mines
 15632 | Orc:1    | Noticed an orc warlord
 15660 | Orc:1    | Noticed an orc warlord
 15902 | D:9      | Killed an orc warlord
 15910 | D:9      | Killed an orc warlord
 15911 | D:9      | Gained mutation: Your presence sometimes corrodes those you
                  | injure. [demonic ancestry]
 15911 | D:9      | Reached XP level 15. HP: 109/114 MP: 7/22
 16050 | Orc:1    | Found Soixkam's Assorted Antiques.
 16050 | Orc:1    | Noticed Jorgrun
 16065 | Orc:1    | Noticed Erica
 16066 | Orc:1    | Paralysed by an orc sorcerer for 2 turns
 16081 | Orc:1    | Killed Jorgrun
 16155 | Orc:1    | Killed Erica
 16432 | Orc:1    | Lost mutation: You are occasionally teleported next to
                  | monsters. [potion of mutation]
 16432 | Orc:1    | Gained mutation: You possess an exceptional clarity of
                  | mind. [potion of mutation]
 16432 | Orc:1    | Gained mutation: Your system is resistant to poisons.
                  | (rPois) [potion of mutation]
 16432 | Orc:1    | Lost mutation: You possess an exceptional clarity of mind.
                  | [potion of mutation]
 16448 | Orc:2    | Entered Level 2 of the Orcish Mines
 16448 | Orc:2    | Noticed Maurice
 16491 | Orc:1    | Killed Maurice
 16682 | Orc:2    | Found a staircase to the Elven Halls.
 16895 | Orc:2    | Reached skill level 15 in Ranged Weapons
 16905 | Orc:2    | Reached skill level 10 in Fighting
 17116 | Orc:2    | Found Foarysowk's Magic Scroll Boutique.
 17116 | Orc:2    | Found Vatif's Distillery.
 17117 | Orc:2    | Found Ecradaxe's Jewellery Shop.
 17117 | Orc:2    | Found Toat's General Store.
 17132 | Orc:2    | Bought a potion of curing for 30 gold pieces
 17132 | Orc:2    | Bought 2 potions of heal wounds for 100 gold pieces
 17132 | Orc:2    | Bought a potion of curing for 30 gold pieces
 17134 | Orc:2    | Bought a scroll of teleportation for 48 gold pieces
 17138 | Orc:2    | Bought the amulet of the Clean Lemon {Reflect rN+ Str+3
                  | SH+5} for 617 gold pieces
 17151 | Orc:2    | Bought a scroll of enchant armour for 112 gold pieces
 17151 | Orc:2    | Bought a scroll of teleportation for 45 gold pieces
 17151 | Orc:2    | Bought a scroll of magic mapping for 112 gold pieces
 17236 | Orc:2    | Found a burning altar of Makhleb.
 17424 | Orc:1    | Found a runed translucent gate.
 17424 | Orc:1    | Found a runed translucent gate.
 17426 | Orc:1    | Found a runed translucent gate.
 17427 | Orc:1    | Noticed Rudyous's ghost (journeyman MiFi)
 17453 | Orc:1    | Killed Rudyous's ghost
 17564 | Orc:1    | Noticed Josephine
 17572 | Orc:1    | Killed Josephine
 17796 | D:13     | Reached skill level 10 in Fire Magic
 18354 | D:13     | Identified the +8 dire flail of the Protecting Gods {elec,
                  | Str+2 Stlth+}
 18426 | D:14     | Found Hacof's Antique Armour Boutique.
 18443 | D:14     | Bought a pair of embroidered boots for 202 gold pieces
 18443 | D:14     | Bought a shiny orb for 324 gold pieces
 18570 | D:14     | Found a gate leading to a gauntlet.
 18675 | D:14     | Found a portal to a secret trove of treasure.
 18727 | Gauntlet | Entered a Gauntlet
 18727 | Gauntlet | Found a transporter.
 18727 | Gauntlet | Found a transporter.
 18727 | Gauntlet | Found a transporter.
 18729 | Gauntlet | Found a transporter.
 18732 | Gauntlet | Found a transporter.
 18733 | Gauntlet | Found a transporter.
 18748 | Gauntlet | Found a transporter.
 18751 | Gauntlet | Found a transporter.
 18753 | Gauntlet | Found a transporter.
 18754 | Gauntlet | Found a transporter.
 18764 | Gauntlet | Found a transporter.
 18764 | Gauntlet | Found a transporter.
 18919 | Gauntlet | Identified the +2 helmet of Unambiguity {Str+2}
 19197 | Gauntlet | Found a runed translucent door.
 19612 | D:14     | Found a gate to the Vaults.
 19813 | D:15     | Entered Level 15 of the Dungeon
 19813 | D:15     | Noticed Rupert
 19815 | D:15     | Paralysed by Rupert for 4 turns
 20050 | D:14     | HP: 5/117 [Rupert/+6 battleaxe of distortion (22)]
 20051 | D:14     | Killed Rupert
 20582 | D:15     | Gained mutation: You are mostly covered in sharp spines.
                  | [demonic ancestry]
 20582 | D:15     | Reached XP level 16. HP: 117/124 MP: 24/24
 20757 | D:15     | Found a staircase to the Depths.
 21113 | D:15     | Found a blossoming altar of Fedhas.
 21339 | Spider:1 | Entered Level 1 of the Spider Nest
 21786 | Spider:1 | Reached skill level 1 in Evocations
 22323 | Spider:1 | Identified the +2 hand axe of the Orb {drain, rElec rPois
                  | Dex+4}
 23141 | Spider:2 | Reached skill level 16 in Ranged Weapons
 23141 | Spider:2 | Reached skill level 5 in Armour
 23471 | Spider:2 | Found a runed translucent gate.
 23471 | Spider:2 | Found a runed translucent gate.
 23471 | Spider:2 | Found a runed translucent gate.
 23472 | Spider:2 | Noticed Taocaav's ghost (adept CeHu)
 23472 | Spider:2 | Noticed Lotaimix's ghost (adept HOFi)
 23503 | Spider:2 | Killed Lotaimix's ghost
 23508 | Spider:2 | Killed Taocaav's ghost
 25049 | Spider:3 | Noticed Roxanne
 25071 | Spider:3 | Killed Roxanne
 25546 | Spider:3 | Noticed Asterion
 25550 | Spider:3 | Noticed an Executioner
 25562 | Spider:3 | Killed Asterion
 26132 | Spider:4 | Entered Level 4 of the Spider Nest
 27005 | Spider:4 | Reached XP level 17. HP: 24/131 MP: 24/26
 28670 | Spider:4 | Got a gossamer rune of Zot
 28799 | Spider:4 | Found a runed translucent door.
 28800 | Spider:4 | Noticed Jaerrekh's ghost (adept MeMo)
 28824 | Spider:4 | Killed Jaerrekh's ghost
 29104 | Swamp:1  | Entered Level 1 of the Swamp
 30437 | Swamp:2  | Noticed Frances
 30448 | Swamp:2  | Killed Frances
 30533 | Swamp:2  | Identified the +5 falchion "Orb Guardian's Death" {flame,
                  | rC+ rN+}
 31759 | Swamp:4  | Entered Level 4 of the Swamp
 32254 | Swamp:4  | Reached XP level 18. HP: 139/140 MP: 28/28
 32365 | Swamp:4  | Noticed the 27-headed Lernaean hydra
 32375 | Swamp:4  | Killed the 27-headed Lernaean hydra
 32693 | Swamp:4  | Noticed Bai Suzhen
 32843 | Swamp:4  | Killed Bai Suzhen
 32950 | Swamp:4  | Got a decaying rune of Zot
 33418 | Vaults:1 | Entered Level 1 of the Vaults
 33428 | Vaults:1 | Mangled by a white very ugly thing

Illustrated notes

Levels and vault maps discovered:
D:1:      psy_arrival_terrarium, layout_rooms,
          shapermc_ecumenical_altar_mp_vishouse, serial_forest,
          infiniplex_forest_clump_medium, infiniplex_forest_corner_1,
          infiniplex_forest_zigzag_2, infiniplex_forest_clump_long,
          infiniplex_forest_clump_curved, infiniplex_forest_lined_2
D:2:      layout_basic, uniq_natasha, uniq_crazy_yiuf_cottage
D:3:      layout_basic, uniq_jessica, uniq_ijyb, uniq_robin
D:4:      nicolae_cairo_tiling, layout_rooms, nicolae_tso_swordbearing_angel,
          serial_shops, shop
D:5:      layout_layer_cave, nicolae_overflow_hidden_temple, temple_pool_b
D:6:      minmay_skewed_foursquare, layout_basic, lemuel_crystal_altar,
          uniq_menkaure
D:7:      layout_gridville, enter_bailey_6
D:8:      layout_loops_ring
D:9:      layout_roguey [special_room_orc], vehumet_crystals, trog_wizard,
          nicolae_hepliaklqana_hazy_memory, david_lair_generic, orc_0_dummy
D:10:     minmay_tri_box, layout_irregular_city, nicolae_gozag_seed_capital,
          minitemple, uniq_sonja, uniq_grum, uniq_amaemon, uniq_fannar
D:11:     layout_loops_ring, columned_hall_lemuel,
          onia_ninara_dug_in_and_dangerous
D:12:     lemuel_vampire_tower, layout_irregular_city,
          gammafunk_ghost_mausoleum, nicolae_ru_path_of_blood
D:13:     layout_loops_ring
D:14:     layout_roguey, ximxim_vaults_locker_room, nicolae_figureground_pulse,
          serial_shops, shop_fountains, nicolae_trove_entry_columns,
          gauntlet_entry_generic, ldierk_geyser, hangedman_abyss_or_decor_clamps
D:15:     grunt_enter_depths_giant_problem, layout_small_grid, fedhas_altar_2,
          uniq_rupert
Lair:1:   layout_regular_city, lemuel_fruit_fields, serial_bayou_shore_a
Lair:2:   layout_roguey, hellmonk_spider_entry_life_and_decay
Lair:3:   layout_loops_ring, minmay_swamp_entry_worms
Lair:4:   layout_hall_layers, slime_entry_1, uniq_kirke
Lair:5:   wormcave, layout_layer_cave, hangedman_lair_in_review
Swamp:1:  layout_basic_swamp, nicolae_swamp_bean_lake, swamp_pool4
Swamp:2:  layout_basic_swamp, evilmike_swamp_ruin_house_1,
          infiniplex_staircase_pool_2, uniq_frances
Swamp:3:  layout_basic_swamp, hangedman_swamp_blocks
Swamp:4:  grunt_swamp_rune_castle, layout_basic_swamp, swamp_pool3,
          statue_in_the_mist_lemuel, nicolae_swamp_trees_clearing,
          uniq_bai_suzhen
Spider:1: layout_spider_delve
Spider:2: layout_chambers, gammafunk_ghost_cemetery
Spider:3: layout_cave_pods, uniq_asterion, uniq_roxanne
Spider:4: grunt_spider_rune_circles, gammafunk_ghost_grave,
          nicolae_spider_wall_of_niches
Orc:1:    layout_caves, serial_shops, nicolae_diamond_shop,
          ebering_ghost_rock_garden, uniq_jorgrun, uniq_josephine, uniq_erica
Orc:2:    st_orc_pillars, layout_diamond_mine, basic_altar,
          kennysheep_orc_chapel, uniq_maurice
Vaults:1: vaults_mumra_chevron, v_misc_3, v_rooms_2,
          hangedman_vaults_corner_blocks, vaults_mumra_minichess_inversion,
          vaults_room_semicircle, hangedman_vaults_nails, v_rooms_3,
          nicolae_vaults_specimen_jars, vaults_dpeg_hooks,
          ontoclasm_vaults_loading_screen, layout_vaults_big_room, serial_glass

Skill      XL: |  1  2  3  4  5  6  7  8  9 10 11 12 13 14 15 16 17 18 |
---------------+-------------------------------------------------------+-----
Ranged Weapons | 2 3 4 5 6 7 8 10 11 12 13 14 15 16 | 16.5
Dodging        | 2 3 4 5 6 7 |  7.5
Fighting       | 2 3 4 5 6 7 8 9 10 11 12 | 12.3
Spellcasting   | 2 |  2.6
Armour         | 1 2 3 4 5 7 |  7.3
Hexes          | 4 5 6 8 9 10 11 12 13 | 13.3
Fire Magic     | 2 3 4 5 6 7 8 9 10 11 12 | 12.0
Shields        | 1 2 3 4 5 6 7 9 |  9.5
Invocations    | 1 2 6 8 10 11 13 14 | 14.9
Stealth        | 1 2 3 |  3.4
Evocations     | 1 |  1.2
Short Blades   | |  0.1

Action                   |  1- 3 |  4- 6 |  7- 9 | 10-12 | 13-15 | 16-18 || total
-------------------------+-------+-------+-------+-------+-------+-------++-------
Melee: Short sword       |     4 |    10 |     6 |       |     2 |       ||    22
       Punch             |       |     1 |       |       |       |       ||     1
       Quarterstaff      |       |     1 |       |       |       |       ||     1
       Hand crossbow     |       |       |       |       |    20 |     1 ||    21
 Fire: Sling             |    76 |   174 |   430 |    57 |       |       ||   737
       Hand crossbow     |       |       |       |   517 |  1224 |  1047 ||  2788
Throw: Throwing net      |       |       |       |     1 |       |       ||     1
 Cast: Slow              |     3 |     5 |     6 |     2 |       |     4 ||    20
       Inner Flame       |       |     1 |     6 |     2 |       |       ||     9
Invok: Wall of Briars    |       |     3 |     5 |    10 |    22 |    23 ||    63
       Grow Ballistomyce |       |       |       |       |     5 |     2 ||     7
       Grow Oklob        |       |       |       |       |     4 |     5 ||     9
       Overgrow          |       |       |       |       |     2 |       ||     2
Evoke: Wand              |       |       |     5 |     1 |     1 |     6 ||    13
       Tin of tremorston |       |       |       |       |       |     2 ||     2
  Use: Scroll            |       |     3 |    10 |     7 |    23 |     8 ||    51
       Potion            |       |       |       |     2 |     7 |     7 ||    16
 Stab: Invisible         |       |       |     1 |       |       |       ||     1
Armor: Robe              |     4 |       |       |       |       |       ||     4
       Plate armour      |       |     5 |       |       |    27 |   885 ||   917
       Troll leather arm |       |    19 |    70 |   114 |   248 |       ||   451
       Skin              |       |       |       |       |     1 |       ||     1
Dodge: Dodged            |    27 |    73 |   172 |   242 |   483 |   503 ||  1500
Block: Other             |     3 |    17 |    11 |       |       |       ||    31
       Buckler           |       |       |    85 |   149 |   419 |   280 ||   933
       Reflection        |       |       |       |       |     4 |    21 ||    25
       Kite shield       |       |       |       |       |       |   651 ||   651
